 Dungeon Crawl Stone Soup version 0.23.1 (webtiles) character file.

Game seed: 9903220461923159063

3588 Yunesin the Basher (level 9, -2/79 HPs)
             Began as a Minotaur Berserker on Mar 13, 2019.
             Was an Elder of Trog.
             Slain by a wyvern (9 damage)
             ... on level 8 of the Dungeon.
             The game lasted 00:36:00 (6307 turns).

Yunesin the Basher (Minotaur Berserker)             Turns: 6307, Time: 00:36:01

Health: -2/79      AC: 11    Str: 23    XL:     9   Next: 85%
Magic:  8/8        EV:  7    Int:  4    God:    Trog [****..]
Gold:   281        SH:  8    Dex: 12    Spells: 8/8 levels left

rFire    . . .     SeeInvis +   m - +3 flail (holy)
rCold    . . .     Gourm    .   B - +0 shield
rNeg     . . .     Faith    .   t - +0 chain mail
rPois    +         Spirit   .   p - +0 hat
rElec    .         Reflect  .   (no cloak)
rCorr    .         Harm     .   (no gloves)
MR       .....                  (no boots)
Stlth    ..........             (no amulet)
HPRegen  0.23/turn              d - ring of poison resistance
MPRegen  0.11/turn              u - ring of see invisible

@: berserk cooldown, slowed, very slow
A: retaliatory headbutt, horns 2
a: Berserk, Trog's Hand, Brothers in Arms, Renounce Religion


You were on level 8 of the Dungeon.
You worshipped Trog.
Trog was greatly pleased with you.
You were not hungry.

You visited 1 branch of the dungeon, and saw 8 of its levels.

You collected 281 gold pieces.

Inventory:

Hand Weapons
 a - a +0 hand axe
 k - a cursed -1 whip
 m - a +3 flail of holy wrath (weapon)
 w - a +0 halberd of venom
Armour
 b - a +0 animal skin
 h - a +0 leather armour
 n - a +0 ring mail
 p - a +0 hat (worn)
 t - a +0 chain mail (worn)
 B - a +0 shield (worn)
Magical Staves
 j - an uncursed staff of fire {unknown}
Jewellery
 d - a ring of poison resistance (left hand)
 u - a ring of see invisible (right hand)
 v - an uncursed ring of protection from cold {unknown}
 y - a +2 ring of dexterity {unknown}
Wands
 o - a wand of iceblast (15)
Scrolls
 e - 2 scrolls of remove curse
 i - 2 scrolls of teleportation
 r - 3 scrolls of identify
 s - a scroll of acquirement {unknown}
 z - a scroll of silence {unknown}
 C - a scroll of vulnerability {unknown}
Potions
 f - 3 potions of flight
 g - 4 potions of resistance
 l - 2 potions of mutation {unknown}
 q - a potion of curing {unknown}
 x - 2 potions of brilliance {unknown}
 A - a potion of haste
Comestibles
 c - 13 rations
 D - 7 chunks of flesh


   Skills:
 + Level 7.4 Fighting
 - Level 8.2(10.4) Axes
 * Level 10.1(11.2) Maces & Flails
 + Level 8.4 Armour
 + Level 4.1 Dodging
 - Level 0.5 Stealth
 * Level 1.6 Shields


You had 8 spell levels left.
You didn't know any spells.
Your spell library contained the following spells:

 Spells                   Type           Power        Failure   Level  Hunger
 Beastly Appendage        Tmut           #.....       100%        1    ##.....
 Summon Small Mammal      Summ           #...         100%        1    ##.....
 Call Imp                 Summ           #.......     100%        2    ###....
 Sticks to Snakes         Tmut           #.......     100%        2    ###....
 Call Canine Familiar     Summ           #.......     100%        3    ####...
 Spider Form              Tmut/Pois      #.........   100%        3    ####...
 Summon Guardian Golem    Hex/Summ       #.......     100%        3    ####...
 Ice Form                 Ice/Tmut       #.......     100%        4    #####..
 Summon Ice Beast         Ice/Summ       #.......     100%        4    #####..
 Summon Lightning Spire   Summ/Air       #.......     100%        4    #####..
 Blade Hands              Tmut           #.........   100%        5    ######.


Dungeon Overview and Level Annotations

Branches:
Dungeon (8/15)             Temple (0/1) D:4
   Lair: D:8-11

Altars:
Dithmenos
Elyvilon
Gozag
Hepliaklqana
Nemelex Xobeh
Sif Muna
Xom
The Shining One


Innate Abilities, Weirdness & Mutations

You reflexively headbutt those who attack you in melee.
You have a pair of horns on your head.


Message History

The wyvern bites you but does no damage.
You block the wyvern's attack. The wyvern bites you. x2
You feel sick. You block the wyvern's attack.
The wyvern bites you but does no damage.
You block the wyvern's attack. The wyvern barely misses you.
The wyvern bites you.
* * * LOW HITPOINT WARNING * * *
The wyvern closely misses you. You furiously retaliate!
You headbutt the wyvern, but do no damage.
You block the wyvern's attack. The wyvern bites you.
* * * LOW HITPOINT WARNING * * *
You feel sick.
You are no longer poisoned.
The wyvern bites you but does no damage.
The wyvern bites you but does no damage.
The wyvern bites you!
* * * LOW HITPOINT WARNING * * *
The wyvern bites you!
You die...

. ##### ... ### ####...######
.$...###.### ###...###......
...........## ####)(#### #####.#
.###........###..))## ###
#.#.##....Dll@..## # #.
####.#####.# ## ########## ###
########## .# #........#
##.....##.. .## #........##
##.......... ..###..>......####
#..(.....(..
...##.....?......#####...........
##.##.##########..>..............
##.......## ##...#..............


You could see a steam dragon and 2 wyverns.

Vanquished Creatures
  Pikel (D:7)
  Joseph (D:8)
  Prince Ribbit (D:7)
  A hippogriff (D:8)
  A wyvern (D:8)
  Menkaure (D:7)
  3 ice beasts
  A slave (D:7)
  A phantom (D:4)
  2 ogres
  A centaur (D:8)
  A big kobold (D:8)
  3 bullfrogs
  A wyvern skeleton (D:8)
  2 scorpions
  5 killer bees (D:7)
  2 howler monkeys
  A crimson imp (D:7)
  A bullfrog zombie (D:6)
  3 hounds
  2 jellies (D:6)
  5 orc priests
  A centaur skeleton (D:8)
  4 orc wizards
  A bullfrog skeleton (D:6)
  An iguana (D:5)
  3 worker ants
  A howler monkey zombie (D:5)
  6 gnolls
  7 adders
  A howler monkey skeleton (D:6)
  4 shadow imps
  2 oozes
  An adder skeleton (D:4)
  2 worms
  2 dart slugs (D:1)
  8 leopard geckos
  20 orcs
  3 ball pythons
  5 bats
  3 giant cockroaches
  11 goblins
  7 hobgoblins
  3 jackals (D:2)
  12 kobolds
  3 quokkas (D:3)
  8 frilled lizards
  2 goblin skeletons (D:5)
  A goblin zombie (D:5)
  A hobgoblin zombie (D:5)
  A kobold skeleton (D:5)
  2 kobold zombies (D:5)
  2 orc skeletons (D:5)
  An orc zombie (D:5)
  9 rats
178 creatures vanquished.

Vanquished Creatures (others)
  3 slaves (D:7)
  A worker ant (D:8)
4 creatures vanquished.

Grand Total: 182 creatures vanquished

Notes
Turn   | Place    | Note
-------+----------+-------------------------------------------
     0 | D:1      | Yunesin the Minotaur Berserker began the quest for the Orb.
     0 | D:1      | Reached XP level 1. HP: 19/19 MP: 0/0
    74 | D:1      | Reached XP level 2. HP: 19/27 MP: 1/1
   408 | D:1      | Reached ** piety under Trog
   438 | D:1      | Reached XP level 3. HP: 23/33 MP: 2/2
  1250 | D:3      | Reached skill level 5 in Axes
  1251 | D:3      | Reached XP level 4. HP: 32/40 MP: 3/3
  1519 | D:3      | Reached *** piety under Trog
  1556 | D:3      | Found a hazy altar of Hepliaklqana.
  1557 | D:3      | Found a shimmering altar of Xom.
  1557 | D:3      | Noticed a yak
  1559 | D:3      | Noticed a yak
  1559 | D:3      | Noticed a spectral ugly thing
  1862 | D:4      | Found a staircase to the Ecumenical Temple.
  1876 | D:3      | Reached XP level 5. HP: 11/46 MP: 4/4
  2180 | D:4      | Received a gift from Trog
  2202 | D:4      | Reached XP level 6. HP: 37/53 MP: 5/5
  2376 | D:4      | Found a shadowy altar of Dithmenos.
  2377 | D:4      | Found an opulent altar of Gozag.
  2385 | D:4      | Found a deep blue altar of Sif Muna.
  2385 | D:4      | Found a white marble altar of Elyvilon.
  2385 | D:4      | Found a sparkling altar of Nemelex Xobeh.
  2452 | D:4      | Found a glowing golden altar of the Shining One.
  2504 | D:4      | Reached skill level 5 in Fighting
  2861 | D:5      | Entered Level 5 of the Dungeon
  2898 | D:5      | Reached XP level 7. HP: 8/61 MP: 6/6
  3311 | D:5      | Found a glowing golden altar of the Shining One.
  3332 | D:5      | Reached **** piety under Trog
  3573 | D:5      | Reached skill level 1 in Maces & Flails
  3745 | D:6      | Reached skill level 2 in Maces & Flails
  3805 | D:6      | Reached skill level 3 in Maces & Flails
  3805 | D:6      | Reached skill level 5 in Armour
  3901 | D:6      | Reached XP level 8. HP: 55/70 MP: 7/7
  3995 | D:6      | Reached skill level 4 in Maces & Flails
  4341 | D:7      | Noticed Menkaure
  4423 | D:7      | Reached skill level 5 in Maces & Flails
  4428 | D:7      | Noticed Pikel
  4437 | D:7      | HP: 1/71 [Pikel/+0 whip of electrocution (8)]
  4468 | D:7      | Killed Pikel
  4468 | D:7      | Reached skill level 7 in Maces & Flails
  4621 | D:7      | Killed Menkaure
  4621 | D:7      | Reached XP level 9. HP: 32/78 MP: 8/8
  4826 | D:7      | Noticed Prince Ribbit
  4877 | D:7      | Killed Prince Ribbit
  4896 | D:7      | Found a sand-covered staircase.
  5006 | D:7      | Reached skill level 8 in Maces & Flails
  5658 | D:8      | Noticed Joseph
  5666 | D:8      | Reached skill level 9 in Maces & Flails
  5673 | D:8      | Killed Joseph
  6117 | D:8      | Reached skill level 1 in Shields
  6277 | D:8      | Reached skill level 10 in Maces & Flails
  6307 | D:8      | Slain by a wyvern

Skill      XL: |  1  2  3  4  5  6  7  8  9 |
---------------+----------------------------+-----
Axes           | 4 5 6 7 8 |  8.2
Fighting       | 4 5 6 7 |  7.4
Armour         | 3 4 5 7 8 |  8.4
Dodging        | 3 4 |  4.1
Maces & Flails | 3 7 10 | 10.1
Shields        | 1 |  1.6
Stealth        | |  0.5

Action                   |  1- 3 |  4- 6 |  7- 9 || total
-------------------------+-------+-------+-------++-------
Melee: Hand axe          |    91 |       |       ||    91
       Headbutt          |     8 |    14 |    51 ||    73
       War axe           |     7 |   111 |    25 ||   143
       Flail             |       |       |   169 ||   169
Invok: Berserk           |       |     4 |     9 ||    13
  Use: Potion            |     4 |       |       ||     4
       Scroll            |     2 |     4 |     2 ||     8
 Stab: Distracted        |     1 |       |       ||     1
  Eat: Chunk             |     1 |     8 |    13 ||    22
       Ration            |       |       |     2 ||     2
Armor: Animal skin       |    16 |       |       ||    16
       Leather armour    |     9 |     1 |       ||    10
       Ring mail         |       |    27 |     4 ||    31
       Chain mail        |       |       |   109 ||   109
Dodge: Dodged            |    56 |    84 |   119 ||   259
Block: Shield            |       |       |    11 ||    11
